 Dungeon Crawl Stone Soup version 0.25.1-2-g60ff931df9 (webtiles) character file.

Game seed: 8509697114654868803

13678 Johnny the Geomancer (level 11, -2/74 HPs)
             Began as a Demigod Earth Elementalist on Nov 7, 2020.
             Hit by a javelin thrown by a minotaur (21 damage)
             ... in a Gauntlet.
             The game lasted 00:16:31 (14659 turns).

Johnny the Geomancer (Demigod Earth Elementalist)  Turns: 14659, Time: 00:16:32

Health: -2/74      AC: 15    Str: 11    XL:     11   Next: 50%
Magic:  20/35      EV: 12    Int: 31    God:
Gold:   452        SH:  0    Dex: 15    Spells: 16/29 levels left

rFire    . . .     SeeInvis .   h - +6 Majin-Bo {vamp, Archmagi MP+6 Int+6}
rCold    . . .     Gourm    .   (shield currently unavailable)
rNeg     + + +     Faith    .   p - +0 steam dragon scales
rPois    .         Spirit   .   l - +0 helmet of the Volcano {Harm}
rElec    .         Reflect  .   g - +1 cloak {rCorr}
rCorr    +         Harm     +   E - +2 pair of gloves "Seicinit" {rN+ rCorr Dex-4}
MR       +....     NoTele   +   (no boots)
Stlth    ++........             a - amulet "Past" {Acrobat Fragile rN++ Dex+3}
HPRegen  0.22/turn              A - +4 ring of protection
MPRegen  0.24/turn              (no ring)

@: no status effects
A: high mp 1
a: no special abilities


You were in a Gauntlet.
You were not hungry.

You visited 2 branches of the dungeon, and saw 11 of its levels.
You also visited: Sewer, Ossuary and Gauntlet.

You collected 727 gold pieces.
You spent 275 gold pieces at shops.

Inventory:

Hand Weapons
 h - the +6 Majin-Bo (weapon) {vamp, Archmagi MP+6 Int+6}
   (You found it in a Gauntlet)

   It inflicts no extra harm, but heals its wielder when it wounds a living foe.
   It affects your intelligence (+6).
   It affects your magic capacity (+6).
 i - the +7 scimitar of the Shoals {vorpal, rElec rPois MR+}
   (You found it on level 8 of the Dungeon)

   It inflicts extra damage upon your enemies.
   It insulates you from electricity.
   It protects you from poison.
   It affects your resistance to hostile enchantments.
 I - the +0 dagger of Gin and Tonic {freeze, *Corrode rC+ rN++ SInv}
   (You found it on level 7 of the Dungeon)

   It has been specially enchanted to freeze those struck by it, causing extra
   injury to most foes and up to half again as much damage against particularly
   susceptible opponents.
   It can also slow down cold-blooded creatures.
   It protects you from cold.
   It greatly protects you from negative energy.
   It lets you see invisible.
   It may corrode you when you take damage.
Missiles
 b - 116 stones (quivered)
Armour
 g - a +1 cloak of preservation (worn)
 l - the +0 helmet of the Volcano (worn) {Harm}
   (You found it on level 4 of the Dungeon)

   It increases damage dealt and taken.
 p - +0 steam dragon scales (worn)
 E - the +2 pair of gloves "Seicinit" (worn) {rN+ rCorr Dex-4}
   (You bought it in a shop on level 8 of the Dungeon)

   It affects your dexterity (-4).
   It protects you from negative energy.
   It provides partial protection from all sources of acid and corrosion.
Jewellery
 a - the amulet "Past" (around neck) {Acrobat Fragile rN++ Dex+3}
   (You found it in a Gauntlet)

   [amulet of the acrobat]

   It helps you evade while moving and waiting.
   It affects your dexterity (+3).
   It greatly protects you from negative energy.
   It will be destroyed if unequipped.
 A - a +4 ring of protection (left hand)
Wands
 c - a wand of iceblast (5)
 e - a wand of digging (3)
 f - a wand of acid (1)
Scrolls
 j - 4 scrolls of fear
 k - 3 scrolls of blinking
 n - a scroll of magic mapping {unknown}
 q - a scroll of fog {unknown}
 r - 2 scrolls of remove curse
 D - 4 scrolls of teleportation
Potions
 m - 6 potions of curing
 o - 3 potions of lignification
 s - 4 potions of cancellation
 u - 3 potions of heal wounds
 v - 6 potions of might
 x - 7 potions of flight {unknown}
 z - a potion of invisibility {unknown}
 B - 4 potions of haste {unknown}
 C - a potion of mutation {unknown}
 G - a potion of brilliance {unknown}
Comestibles
 d - 22 rations


   Skills:
 - Level 1.7 Dodging
 - Level 1.7 Stealth
 + Level 9.5 Spellcasting
 - Level 0.8 Transmutations
 * Level 14.0 Earth Magic


You had 16 spell levels left.
You knew the following spells:

 Your Spells              Type           Power        Failure   Level  Hunger
a - Sandblast             Erth           ######       0%          1    None
b - Stone Arrow           Conj/Erth      ######       1%          3    None
c - Lee's Rapid Deconstr  Erth           ########..   1%          5    ###....
d - Petrify               Tmut/Erth      #######.     1%          4    None

Your spell library contained the following spells:

 Spells                   Type           Power        Failure   Level  Hunger
 Passwall                 Tmut/Erth      #######.     1%          2    None


Dungeon Overview and Level Annotations

Branches:
Dungeon (9/15)             Temple (0/1) D:4            Lair (0/6) D:8
    Orc (2/2) D:9             Elf (0/3) Orc:2         Sewer (visited)
Ossuary (visited)         Gauntlet (1/1)

Shops:
D:4 =   D:5 *   D:8 [

Annotations:
Gauntlet 6 transporters, 6 runed translucent doors


Innate Abilities, Weirdness & Mutations

You have an increased reservoir of magic. (+10% MP)


Message History

Press: ? - help, Dir - move target cursor, p - minotaur A rock wall.
You feel a surge of power!
The wall shatters!
The blast of rock fragments hits the minotaur.
The minotaur is severely wounded.
The minotaur throws a javelin.
The javelin pierces through you!!
Ouch! That really hurt!
Casting: Lee's Rapid Deconstruction (dangerous; 1% risk of failure)
Confirm with . or Enter, or press ? or * to list all spells.
Aiming: Lee's Rapid Deconstruction (dangerous; 1% risk of failure)
Press: ? - help, Dir - move target cursor A rock wall.
You feel a surge of power!
The wall shatters!
The blast of rock fragments hits the minotaur zombie!!!
The minotaur zombie is almost destroyed.
The blast of rock fragments hits the minotaur!!
The minotaur is almost dead.
* * * LOW HITPOINT WARNING * * *
The minotaur throws a javelin.
The javelin pierces through you!!
You die...

###+## ##..⌠.#
Z⌠...# H..⌠+ ∩..
#.#
#######Z#######
#(..@.H.......#
#.###.###.###.#
......(....#
#.###.###.###
##.###.###.#####
...............#
.⌠.⌠.©.©.⌠.⌠.⌠.#
................#
##
##################
##


You could see a minotaur and a minotaur zombie.

Vanquished Creatures
  A great orb of eyes (Gauntlet)
  A hydra (D:8)
  A two-headed ogre (D:8)
  The ghost of Thomus the Cleaver, a novice HOFi of Okawaru (D:7)
  An orc knight (D:9)
  Pikel (D:9)
  An orc sorcerer (Orc:2)
  2 ugly things (Gauntlet)
  Maurice (D:9)
  A troll (Orc:1)
  Grinder (D:5)
  A raiju (Gauntlet)
  Sigmund (D:6)
  A spriggan (D:9)
  A wyvern (D:9)
  Grum (D:9)
  A hungry ghost (D:7)
  2 steam dragons (Gauntlet)
  3 swamp worms (Gauntlet)
  5 wargs
  A water moccasin (D:9)
  8 orc warriors
  A swamp drake (D:9)
  2 ice beasts (D:8)
  2 sky beasts
  A slave (D:9)
  A phantom (D:7)
  2 eyes of draining (D:7)
  Purgy (Sewer)
  2 wolves (D:9)
  3 centaurs
  9 ogres
  3 bullfrogs
  A gnoll sergeant (D:7)
  4 scorpions
  A water moccasin skeleton (D:8)
  15 killer bees
  2 howler monkeys
  8 wights
  3 crimson imps
  Crazy Yiuf (D:2)
  A jelly (D:6)
  A bullfrog skeleton (D:5)
  3 centaur zombies (Ossuary)
  2 human zombies (Ossuary)
  8 orc priests
  4 hounds
  10 orc wizards
  Terence (D:3)
  Natasha (thrice) (D:3)
  3 iguanas
  4 worker ants
  A big kobold zombie (Ossuary)
  3 hound zombies
  2 hound skeletons
  3 mummies (Ossuary)
  A howler monkey zombie (D:5)
  A worker ant zombie (D:7)
  Robin (D:4)
  5 adders
  4 gnolls (D:7)
  A river rat (D:5)
  2 oozes (D:3)
  2 adder zombies
  An adder skeleton (D:7)
  4 worms (D:2)
  2 dart slugs (D:1)
  9 leopard geckos
  39 orcs
  A ball python (D:7)
  11 bats
  5 giant cockroaches
  2 gnoll zombies (Ossuary)
  12 goblins
  9 hobgoblins
  18 jackals
  6 quokkas
  4 frilled lizards
  5 goblin zombies (Ossuary)
  5 hobgoblin zombies (Ossuary)
  A jackal skeleton (D:5)
  7 jackal zombies (Ossuary)
  17 kobolds
  2 kobold zombies (Ossuary)
  A leopard gecko zombie (D:5)
  3 orc zombies (Ossuary)
  A quokka zombie (Ossuary)
  13 rats
  2 rat zombies (Ossuary)
345 creatures vanquished.

Vanquished Creatures (collateral kills)
  An orc priest (D:6)
  An orc (D:6)
2 creatures vanquished.

Vanquished Creatures (others)
  6 plants (D:8)
6 creatures vanquished.

Grand Total: 353 creatures vanquished

Notes
Turn   | Place    | Note
-------+----------+-------------------------------------------
     0 | D:1      | Johnny the Demigod Earth Elementalist began the quest for
                  | the Orb.
     0 | D:1      | Reached XP level 1. HP: 14/14 MP: 5/5
   560 | D:1      | Reached skill level 3 in Earth Magic
   570 | D:1      | Reached XP level 2. HP: 12/20 MP: 7/7
  1490 | D:2      | Reached XP level 3. HP: 26/26 MP: 9/9
  1820 | D:2      | Found a faded altar of an unknown god.
  2213 | D:2      | Reached skill level 4 in Earth Magic
  2496 | D:2      | Reached XP level 4. HP: 33/33 MP: 8/10
  2708 | D:2      | Found a runed translucent door.
  2709 | D:2      | Noticed Crazy Yiuf
  2926 | D:2      | Killed Crazy Yiuf
  3510 | D:3      | Reached XP level 5. HP: 38/38 MP: 12/12
  3560 | D:3      | Noticed Natasha
  3563 | D:3      | Killed Natasha
  3656 | D:3      | Noticed Natasha
  3667 | D:3      | Killed Natasha
  3667 | D:3      | Reached skill level 5 in Earth Magic
  3724 | D:3      | Noticed Natasha
  3731 | D:3      | Killed Natasha
  4042 | D:3      | Noticed Terence
  4056 | D:3      | Killed Terence
  4568 | D:4      | Got a crude helmet
  4574 | D:4      | Identified the +0 helmet of the Volcano {Harm} (You found
                  | it on level 4 of the Dungeon)
  4674 | D:4      | Noticed an ogre
  4677 | D:4      | Noticed Robin
  4679 | D:4      | Killed an ogre
  4679 | D:4      | Reached XP level 6. HP: 27/45 MP: 4/14
  4703 | D:4      | Killed Robin
  4861 | D:4      | Found a snail-covered altar of Cheibriados.
  4874 | D:4      | Found a staircase to the Ecumenical Temple.
  5034 | D:4      | Found Joec's Jewellery Emporium.
  5162 | D:5      | Entered Level 5 of the Dungeon
  5193 | D:5      | Found a radiant altar of Vehumet.
  5200 | D:5      | Reached skill level 6 in Earth Magic
  5378 | D:5      | Found a glowing drain.
  5390 | Sewer    | Entered a sewer
  5510 | Sewer    | Noticed Purgy
  5514 | Sewer    | Killed Purgy
  5514 | Sewer    | Reached XP level 7. HP: 50/50 MP: 13/16
  5839 | D:5      | Found a sand-covered staircase.
  5848 | Ossuary  | Entered an ossuary
  6090 | Ossuary  | Reached skill level 7 in Earth Magic
  6945 | D:5      | Found a bloodstained altar of Trog.
  6946 | D:5      | Noticed Grinder
  6954 | D:5      | Killed Grinder
  7072 | D:5      | Reached skill level 5 in Spellcasting
  7072 | D:5      | Reached XP level 8. HP: 33/57 MP: 17/19
  7078 | D:5      | Reached skill level 8 in Earth Magic
  7433 | D:5      | Found Usuthueps's Assorted Antiques.
  7629 | D:6      | Learned a level 3 spell: Stone Arrow
  7635 | D:6      | Learned a level 5 spell: Lee's Rapid Deconstruction
  7640 | D:6      | Learned a level 4 spell: Petrify
  8304 | D:6      | Noticed Sigmund
  8306 | D:6      | Killed Sigmund
  8306 | D:6      | Reached skill level 9 in Earth Magic
  8959 | D:7      | Found a bloodstained altar of Trog.
  8977 | D:7      | Reached XP level 9. HP: 62/62 MP: 1/22
  9245 | D:7      | Reached skill level 10 in Earth Magic
  9590 | D:7      | Found a sparkling altar of Nemelex Xobeh.
  9660 | D:7      | Found a shimmering blue altar of Sif Muna.
 10122 | D:8      | Found Kaidolynk's Antique Armour Shop.
 10126 | D:8      | Found a runed translucent gate.
 10148 | D:8      | Found a runed translucent gate.
 10161 | D:8      | Found a runed translucent gate.
 10161 | D:8      | Noticed an 11-headed hydra
 10162 | D:8      | Bought a pair of spiked gloves for 275 gold pieces
 10163 | D:8      | Noticed Thomus's ghost (novice HOFi)
 10229 | D:8      | Reached skill level 11 in Earth Magic
 10249 | D:8      | Identified the +2 pair of gloves "Seicinit" {rN+ rCorr
                  | Dex-4} (You bought it in a shop on level 8 of the Dungeon)
 10545 | D:8      | Found a staircase to the Lair.
 10586 | D:8      | Found an ancient bone altar of Kikubaaqudgha.
 10656 | D:8      | Noticed a two-headed ogre
 10692 | D:8      | Killed a two-headed ogre
 10692 | D:8      | Reached XP level 10. HP: 26/69 MP: 13/25
 11042 | D:8      | Found a stormy altar of Qazlal.
 11600 | D:8      | Killed an 11-headed hydra
 11600 | D:8      | Reached skill level 12 in Earth Magic
 11814 | D:8      | Got a transparent scimitar
 11880 | D:7      | Got an ancient dagger
 11892 | D:7      | Identified the cursed +0 dagger of Gin and Tonic {freeze,
                  | *Corrode rC+ rN++ SInv} (You found it on level 7 of the
                  | Dungeon)
 11894 | D:7      | Identified the +7 scimitar of the Shoals {vorpal, rElec
                  | rPois MR+} (You found it on level 8 of the Dungeon)
 11926 | D:7      | Killed Thomus's ghost
 12073 | D:9      | Found a hide-covered altar of Uskayaw.
 12089 | D:9      | Noticed Maurice
 12093 | D:9      | Killed Maurice
 12255 | D:9      | Found a staircase to the Orcish Mines.
 13220 | D:9      | Noticed Grum
 13225 | D:9      | Killed Grum
 13225 | D:9      | Reached skill level 13 in Earth Magic
 13286 | D:9      | Noticed Pikel
 13289 | D:9      | Killed Pikel
 13289 | D:9      | Reached XP level 11. HP: 74/74 MP: 17/28
 13581 | Orc:1    | Entered Level 1 of the Orcish Mines
 13587 | Orc:1    | Noticed an orc knight
 13614 | D:9      | Killed an orc knight
 13976 | Orc:2    | Entered Level 2 of the Orcish Mines
 13976 | Orc:2    | Found a staircase to the Elven Halls.
 13981 | Orc:2    | Found a gate leading to a gauntlet.
 13995 | Gauntlet | Entered a Gauntlet
 13995 | Gauntlet | Found a transporter.
 13995 | Gauntlet | Found a transporter.
 13995 | Gauntlet | Found a runed translucent gate.
 14077 | Gauntlet | Found the +6 Majin-Bo {vamp, Archmagi MP+6 Int+6}
 14080 | Gauntlet | Found a transporter.
 14081 | Gauntlet | Found a transporter.
 14088 | Gauntlet | Found a transporter.
 14092 | Gauntlet | Found a transporter.
 14096 | Gauntlet | Found a runed translucent door.
 14096 | Gauntlet | Found a runed translucent door.
 14096 | Gauntlet | Noticed a wizard
 14100 | Gauntlet | Found a transporter.
 14100 | Gauntlet | Noticed a wizard
 14116 | Gauntlet | Found a transporter.
 14118 | Gauntlet | Noticed a great orb of eyes
 14131 | Gauntlet | Found a transporter.
 14134 | Gauntlet | Found a transporter.
 14137 | Gauntlet | Noticed a catoblepas
 14142 | Gauntlet | Found a transporter.
 14146 | Gauntlet | Found a transporter.
 14148 | Gauntlet | Found a runed translucent gate.
 14148 | Gauntlet | Found a runed translucent gate.
 14148 | Gauntlet | Noticed a queen ant
 14307 | Gauntlet | Found a runed translucent door.
 14424 | Gauntlet | Killed a great orb of eyes
 14424 | Gauntlet | Reached skill level 14 in Earth Magic
 14629 | Gauntlet | Got a faintly glowing lead amulet
 14636 | Gauntlet | Identified the amulet "Past" {Acrobat Fragile rN++ Dex+3}
                  | (You found it in a Gauntlet)
 14653 | Gauntlet | Noticed a minotaur
 14659 | Gauntlet | Hit by a javelin thrown by a minotaur

Illustrated notes

Levels and vault maps discovered:
D:1:      tarquinn_simple_flora_water_a, layout_loops_ring, lemuel_flame_loot_1
D:2:      layout_loops_ring, chequers_ecumenical_altar_grove, serial_rivers,
          chequers_serial_rivers_room_a, chequers_serial_rivers_small_3,
          chequers_serial_rivers_micro_e, chequers_serial_rivers_micro_e,
          uniq_crazy_yiuf_cottage
D:3:      layout_loops_cross, uniq_natasha, uniq_terence
D:4:      layout_loops_cross, kennysheep_little_box, minmay_temple_entry_grid,
          serial_shops, shop, dk_noncrumbling_4, chequers_jeans, uniq_robin
D:5:      layout_loops_ring, fiery_altar_vehumet, portal_sewer_entry_b,
          first_ration, serial_shops, shop, nicolae_ossuary_entry_ruins,
          trog_three_pillars_becter, uniq_grinder
D:6:      layout_basic, uniq_sigmund
D:7:      layout_loops_ring, overflow_temple_1_default, basic_altar,
          trog_eyes_of_draining
D:8:      layout_gridville, lemuel_doored_altar, lemuel_crystal_altar,
          erik_lair_orcish_takeover, serial_shops, shop,
          gammafunk_ghost_hydra_chop
D:9:      layout_roguey, eat_drink_and_be_merry_uskayaw, erik_orc_1, the_bakery,
          uniq_maurice, uniq_grum, uniq_pikel
Orc:1:    layout_caves, nicolae_orc_rockfall, uniq_urug
Orc:2:    st_orc_congregation, layout_diamond_mine, gauntlet_entry_generic,
          basic_altar, uniq_azrael
Gauntlet: minmay_gauntlet_77_indecision [minmay_gauntlet_arena_77_p_blocks,
          minmay_gauntlet_arena_77_run_for_it, minmay_gauntlet_arena_77_braids,
          minmay_gauntlet_arena_77_path, minmay_gauntlet_arena_77_shame_cube,
          minmay_gauntlet_arena_77_checkered, gauntlet_exit_hidden_loot]

Skill      XL: |  1  2  3  4  5  6  7  8  9 10 11 |
---------------+----------------------------------+-----
Spellcasting   | 2 3 4 5 6 7 8 9 |  9.5
Earth Magic    | 3 4 5 6 7 9 11 13 14 | 14.0
Dodging        | |  1.7
Stealth        | |  1.7
Transmutations | |  0.8

Action                   |  1- 3 |  4- 6 |  7- 9 | 10-12 || total
-------------------------+-------+-------+-------+-------++-------
Melee: Dagger            |   156 |   125 |   201 |    19 ||   501
       Scimitar          |       |       |       |    34 ||    34
 Cast: Sandblast         |    12 |    61 |   141 |    57 ||   271
       Stone Arrow       |       |       |    22 |    22 ||    44
       Lee's Rapid Decon |       |       |     2 |    49 ||    51
Evoke: Wand              |       |       |     2 |     7 ||     9
  Use: Scroll            |       |       |    11 |     5 ||    16
 Stab: Sleeping          |    11 |     3 |     1 |     1 ||    16
  Eat: Chunk             |     5 |    10 |    14 |    15 ||    44
       Ration            |       |       |     1 |     2 ||     3
Armor: Robe              |    39 |    13 |       |       ||    52
       Ring mail         |       |    50 |   130 |    73 ||   253
       Steam dragon scal |       |       |       |     1 ||     1
Dodge: Dodged            |   120 |    95 |   174 |    89 ||   478
       Rpst.: Scimitar   |       |       |       |    15 ||    15
